 Dungeon Crawl Stone Soup version 0.26.1-2-gb8aa6d0cf2 (webtiles) character file.

Game seed: 11215698526989966872

6454 tardwrangler69 the Cleaver (level 10, -5/91 HPs)
             Began as a Minotaur Fighter on Mar 28, 2021.
             Was an Elder of Makhleb.
             Slain by an orc warlord
             ... wielding a +1 war axe of distortion
              (7 damage)
             ... on level 7 of the Dungeon.
             The game lasted 00:11:18 (8177 turns).

tardwrangler69 the Cleaver (Minotaur Fighter)       Turns: 8177, Time: 00:11:20

Health: -5/91      AC: 17    Str: 29    XL:     10   Next: 67%
Magic:  9/9        EV: 15    Int:  5    God:    Makhleb [****..]
Gold:   640        SH: 10    Dex: 10    Spells: 9/9 levels left

rFire    + . .     SeeInvis .   a - +0 war axe
rCold    x . .     Faith    .   c - +0 kite shield
rNeg     . . .     Spirit   .   x - +6 scale mail of Vampiric Thralls {*Slow Will+ Str+5}
rPois    .         Reflect  .   (helmet restricted)
rElec    .         Harm     .   t - +0 cloak
rCorr    .         Rampage  .   (no gloves)
Will     +....                  y - +0 pair of boots
Stlth    ..........             b - amulet of regeneration
HPRegen  0.65/turn              C - ring of fire
MPRegen  0.11/turn              F - +4 ring of evasion

@: no status effects
A: retaliatory headbutt, horns 2
a: Renounce Religion, Minor Destruction, Lesser Servant of Makhleb, Major
Destruction


You were on level 7 of the Dungeon.
You worshipped Makhleb.
Makhleb was greatly pleased with you.
You visited 1 branch of the dungeon, and saw 8 of its levels.

You collected 640 gold pieces.

Inventory:

Hand Weapons
 a - a +0 war axe (weapon)
Armour
 c - a +0 kite shield (worn)
 o - a +0 plate armour
 t - a +0 cloak (worn)
 x - the +6 scale mail of Vampiric Thralls (worn) {*Slow Will+ Str+5}
   (You found it on level 4 of the Dungeon)

   It affects your strength (+5).
   It affects your willpower, your defense against some magical effects.
   It may slow you when you take damage.
 y - a +0 pair of boots (worn)
Jewellery
 b - an amulet of regeneration (around neck)
 f - an uncursed amulet of magic regeneration
 p - an uncursed amulet of the acrobat
 C - a ring of fire (left hand)
 F - a +4 ring of evasion (right hand)
Wands
 A - a wand of random effects (16)
 D - a wand of disintegration (9)
Scrolls
 e - 10 scrolls of identify {unknown}
 i - 4 scrolls of remove curse {unknown}
 j - a scroll of immolation {unknown}
 k - 4 scrolls of teleportation {unknown}
 n - a scroll of magic mapping {unknown}
 r - a scroll of random uselessness {unknown}
 s - 2 scrolls of enchant weapon {unknown}
 v - 2 scrolls of fog {unknown}
 w - 3 scrolls of enchant armour {unknown}
 E - a scroll of blinking {unknown}
Potions
 d - 2 potions of might
 g - 3 potions of heal wounds {unknown}
 h - 3 potions of flight {unknown}
 l - 3 potions of curing {unknown}
 m - 4 potions of mutation {unknown}
 q - a potion of haste
 u - a potion of berserk rage {unknown}
 z - a potion of ambrosia {unknown}
 B - 2 potions of lignification {unknown}
 G - a potion of invisibility {unknown}
 H - a potion of brilliance {unknown}


   Skills:
 + Level 9.5 Fighting
 * Level 12.2 Axes
 + Level 9.5 Armour
 + Level 7.9 Dodging
 - Level 3.6 Shields


You had 9 spell levels left.
You didn't know any spells.
Your spell library contained the following spells:

 Spells                   Type           Power        Failure   Level
 Animate Skeleton         Necr           0%           99%         1
 Apportation              Tloc           0%           99%         1
 Corona                   Hex            0%           99%         1
 Freeze                   Ice            0%           99%         1
 Shock                    Conj/Air       0%           99%         1
 Summon Small Mammal      Summ           0%           99%         1
 Swiftness                Air            0%           100%        2
 Confusing Touch          Hex            0%           100%        3
 Frozen Ramparts          Ice            0%           100%        3
 Gell's Gravitas          Tloc           0%           100%        3
 Ozocubu's Armour         Ice            0%           100%        3
 Static Discharge         Conj/Air       0%           100%        3
 Airstrike                Air            0%           100%        4
 Hailstorm                Conj/Ice       0%           100%        4
 Petrify                  Tmut/Erth      0%           100%        4
 Summon Ice Beast         Ice/Summ       0%           100%        4
 Lightning Bolt           Conj/Air       0%           100%        5
 Metabolic Englaciation   Hex/Ice        0%           100%        5
 Yara's Violent Unravell  Hex/Tmut       0%           100%        5


Dungeon Overview and Level Annotations

Branches:
Dungeon (8/15)             Temple (0/1) D:6
   Lair: D:8-11

Altars:
Fedhas
Gozag
Makhleb
Okawaru
Xom
Yredelemnul
Zin

Shops:
D:4 }   D:7 *


Innate Abilities, Weirdness & Mutations

You reflexively headbutt those who attack you in melee.
You have a pair of horns on your head.


Message History

You barely miss the orc warlord. You headbutt the orc warlord!
The orc warlord is lightly wounded.
The orc warlord closely misses you. You block the orc's attack.
You hit the orc warlord but do no damage.
The orc warlord is lightly wounded.
The orc no longer looks unusually strong.
The orc warlord hits you with a +1 war axe of distortion!!
Space warps horribly around you! The orc hits you but does no damage.
You hit the orc warlord.
The orc warlord is lightly wounded.
The orc warlord hits you with a +1 war axe of distortion!!
* * * LOW HITPOINT WARNING * * *
You hit the orc warlord but do no damage.
You headbutt the orc warlord.
The orc warlord is lightly wounded.
You block the orc's attack.
The orc warlord hits you with a +1 war axe of distortion!!
* * * LOW HITPOINT WARNING * * *
Space bends around you!
You die...

≈###'# '..' ≈≈.#.#
########''###### ≈≈.#
................ ≈≈.#
................ ≈≈.#
................ ≈≈.#
.......[........ ≈≈.# #####
########['###### ≈≈.#
#.....#######o.).#######
≈≈.#.#.....'[).[@o...)'.....'
≈###'#.....#######..)[######
≈#...#############')[[###########
≈#...#....^..........[...........
≈#####≈≈≈≈≈≈≈≈≈≈≈≈[...≈≈≈≈≈≈≈≈≈≈≈
≈≈≈≈≈≈≈≈≈≈≈≈≈≈≈≈≈≈)[..≈≈≈≈≈≈≈≈≈≈≈
≈≈≈≈≈≈≈≈≈≈≈≈≈≈≈≈≈≈....≈≈≈≈≈≈≈≈≈≈≈
.........[.[....)[...)...........
####>.........))))...............


You could see an orc warlord and an orc.

Vanquished Creatures
  An orc knight (D:7)
  Pikel (D:7)
  A manticore (D:7)
  14 wargs (D:7)
  Edmund (D:5)
  4 orc warriors (D:7)
  2 sky beasts (D:6)
  A phantom (D:4)
  3 ice beasts
  A black bear (D:6)
  A necrophage (D:8)
  3 ogres
  3 lemures (D:7)
  A big kobold (D:8)
  3 bullfrogs
  3 killer bees (D:7)
  A scorpion (D:7)
  A water moccasin skeleton (D:5)
  9 wights
  3 howler monkeys
  2 centaur zombies (D:8)
  A hound (D:5)
  A quasit (D:7)
  A bullfrog zombie (D:6)
  3 orc wizards
  A jelly (D:6)
  2 orc priests
  A gnoll shaman (D:7)
  5 iguanas
  8 worker ants
  2 hound skeletons (D:7)
  2 howler monkey zombies (D:6)
  A worker ant zombie (D:5)
  Robin (D:3)
  5 adders
  12 gnolls
  A shadow imp (D:8)
  4 white imps
  2 ufetubi
  2 oozes
  2 adder skeletons
  A worm (D:4)
  2 leopard geckos
  60 orcs
  3 giant cockroaches
  13 goblins
  10 hobgoblins
  7 jackals
  3 quokkas
  2 ball pythons
  7 bats
  6 frilled lizards
  8 kobolds
  2 leopard gecko zombies
  3 quokka skeletons
  2 rats
245 creatures vanquished.

Vanquished Creatures (others)
  5 plants (D:7)
5 creatures vanquished.

Grand Total: 250 creatures vanquished

Notes
Turn   | Place    | Note
-------+----------+-------------------------------------------
     0 | D:1      | tardwrangler69 the Minotaur Fighter began the quest for the
                  | Orb.
     0 | D:1      | Reached XP level 1. HP: 19/19 MP: 0/0
   445 | D:1      | Reached XP level 2. HP: 23/27 MP: 1/1
   583 | D:1      | Reached skill level 3 in Axes
  1224 | D:2      | Reached skill level 1 in Dodging
  1224 | D:2      | Reached XP level 3. HP: 30/33 MP: 2/2
  1604 | D:2      | You fall into a shaft and drop 2 floors!
  1768 | D:4      | Reached XP level 4. HP: 24/40 MP: 3/3
  1786 | D:4      | Reached skill level 4 in Axes
  2137 | D:3      | Noticed Robin
  2153 | D:3      | Reached XP level 5. HP: 46/47 MP: 4/4
  2172 | D:3      | Killed Robin
  3286 | D:4      | Noticed an ogre
  3292 | D:4      | Killed an ogre
  3293 | D:4      | Reached skill level 5 in Axes
  3293 | D:4      | Reached XP level 6. HP: 24/55 MP: 5/5
  3496 | D:4      | Reached skill level 5 in Fighting
  3496 | D:4      | Reached skill level 5 in Armour
  3822 | D:4      | Found a blossoming altar of Fedhas.
  3881 | D:4      | Got an encrusted scale mail
  3892 | D:4      | Identified the +6 scale mail of Vampiric Thralls {*Slow
                  | Will+ Str+5} (You found it on level 4 of the Dungeon)
  3917 | D:4      | Found Ympivyh's Gadget Emporium.
  4168 | D:5      | Entered Level 5 of the Dungeon
  4208 | D:5      | Noticed Edmund
  4219 | D:5      | Killed Edmund
  4220 | D:5      | Reached skill level 6 in Axes
  4220 | D:5      | Reached XP level 7. HP: 54/61 MP: 6/6
  4326 | D:5      | Found a burning altar of Makhleb.
  4342 | D:5      | Became a worshipper of Makhleb the Destroyer
  4577 | D:5      | Reached skill level 7 in Axes
  4894 | D:6      | Reached XP level 8. HP: 70/70 MP: 7/7
  4983 | D:6      | Found a burning altar of Makhleb.
  5153 | D:6      | Reached skill level 8 in Axes
  5159 | D:6      | Reached * piety under Makhleb
  5243 | D:6      | Found an iron altar of Okawaru.
  5313 | D:6      | Reached skill level 5 in Dodging
  5613 | D:6      | Found a staircase to the Ecumenical Temple.
  5697 | D:7      | Reached skill level 9 in Axes
  5721 | D:7      | Reached XP level 9. HP: 47/79 MP: 8/8
  5855 | D:7      | Reached ** piety under Makhleb
  5917 | D:7      | Reached skill level 10 in Axes
  6142 | D:7      | Noticed a manticore
  6152 | D:7      | Killed a manticore
  6153 | D:7      | Reached skill level 11 in Axes
  6153 | D:7      | Reached XP level 10. HP: 71/90 MP: 9/9
  6199 | D:7      | Noticed an orc knight
  6331 | D:7      | Killed an orc knight
  6408 | D:7      | Reached *** piety under Makhleb
  6576 | D:7      | Noticed an orc warlord
  6797 | D:8      | Reached **** piety under Makhleb
  6931 | D:8      | Found a shimmering altar of Xom.
  7239 | D:8      | Found a basalt altar of Yredelemnul.
  7489 | D:8      | Reached skill level 12 in Axes
  7738 | D:8      | Found a glowing silver altar of Zin.
  7880 | D:7      | Found Gozag's Platinum Reserve.
  7903 | D:7      | Found an opulent altar of Gozag.
  8101 | D:7      | Noticed Pikel
  8114 | D:7      | Killed Pikel
  8177 | D:7      | HP: 2/91 [orc warlord/+1 war axe of distortion (18)]
  8177 | D:7      | Slain by an orc warlord

Illustrated notes

Levels and vault maps discovered:
D:1:      dpeg_arrival_brainrot, layout_loops_corners, skrybe_limestone_x
D:2:      layout_loops_ring, chequers_serial_rivers_micro_d
D:3:      layout_basic, serial_co_window_serial, co_window_paths_a,
          co_window_paths_a, co_window_corner_a, co_window_of_opportunity_a,
          co_window_paths_a, co_window_paths_a, co_window_paths_b,
          co_window_broadway_a, co_window_corner_b, co_window_broadway_a,
          co_window_unsneaky_path_b, glass_columns_a,
          hangedman_abyss_or_decor_lesser_grid, st_stairs_2, uniq_robin
D:4:      layout_gridville, fedhas_altar_3, serial_shops, shop_fountains
D:5:      layout_cave_pods, old_standard_altar, corexii_item_surrounded_by_moat,
          uniq_edmund
D:6:      layout_basic, kennysheep_mini, minmay_temple_entry_offerings,
          basic_altar, dk_noncrumbling_2
D:7:      lemuel_castle_with_subvaults [lemuel_castle_interior_original],
          layout_basic, nicolae_gozag_zags_fifth_avenue, uniq_pikel
D:8:      layout_basic, overflow_temple_1_default, lemuel_crystal_altar,
          lemuel_crystal_altar

Skill      XL: |  1  2  3  4  5  6  7  8  9 10 |
---------------+-------------------------------+-----
Axes           | 3 4 5 6 7 9 11 12 | 12.2
Fighting       | 4 5 6 7 8 9 |  9.5
Dodging        | 1 2 3 4 5 7 |  7.9
Armour         | 4 5 6 7 8 9 |  9.5
Shields        | |  3.6

Action                   |  1- 3 |  4- 6 |  7- 9 | 10-12 || total
-------------------------+-------+-------+-------+-------++-------
Melee: War axe           |    84 |   127 |   291 |   216 ||   718
       Headbutt          |    11 |    19 |    65 |    53 ||   148
Armor: Scale mail        |    25 |     4 |   142 |    61 ||   232
       Plate armour      |     9 |    73 |       |       ||    82
Dodge: Dodged            |    28 |    19 |   150 |    66 ||   263
Block: Kite shield       |    41 |    74 |   161 |   105 ||   381
